 Dungeon Crawl Stone Soup version 0.24-a0-698-g60d090ba07 (webtiles) character file.

1638083 Stepladder the Hoplite (level 27, 189/190 HPs)
             Began as a Gargoyle Fighter on Feb 19, 2017.
             Was the Champion of Okawaru.
             Escaped with the Orb
             ... and 3 runes on Feb 2, 2020!
             The game lasted 09:59:09 (81845 turns).

Stepladder the Hoplite (Gargoyle Fighter)          Turns: 81845, Time: 09:59:09

Health: 189/190    AC: 58    Str: 21    XL:     27
Magic:  38/38      EV: 25    Int: 16    God:    Okawaru [******]
Gold:   5980       SH: 28    Dex: 14    Spells: 27/48 levels left

rFire    + + .     SeeInvis +   t - +10 morningstar of Anxiety {drain, rC+ Int+2 SInv}
rCold    + + .     Gourm    .   k - +3 large shield {AC+3}
rNeg     + . .     Faith    .   u - +5 chain mail {MR+}
rPois    ∞         Spirit   .   v - +2 helmet of the Assorted Lovers {+Fly rElec rF+}
rElec    +         Reflect  .   X - scarf {rC+ rF+}
rCorr    .         Harm     .   P - +2 pair of gloves {archery}
MR       +++..     Clarity  +   F - +2 pair of boots {run}
Stlth    +.........             c - amulet of regeneration
HPRegen  0.81/turn              r - +3 ring of evasion
MPRegen  0.26/turn              Q - +3 ring of evasion

@: shrouded, very slightly contaminated, studying Evocations, quick
A: big wings, repulsion field 1, yellow scales 1, clarity, deterioration 1,
negative energy resistance 1, electricity resistance, weak 1, wild magic 1,
unbreathing, petrification resistance, rot immunity, AC +20
0: Orb of Zot
}: 3/15 runes: decaying, serpentine, silver
a: Fly, Heroism, Finesse, Renounce Religion, Evoke Flight


You escaped.
You worshipped Okawaru.
Okawaru was exalted by your worship.
You were not hungry.

You visited 10 branches of the dungeon, and saw 50 of its levels.
You visited 1 bazaar.
You also visited: Ice Cave.

You collected 8098 gold pieces.
You spent 2118 gold pieces at shops.

Inventory:

Hand Weapons
 i - a +9 demon whip of slashing
 t - the +10 morningstar of Anxiety (weapon) {drain, rC+ Int+2 SInv}
   (You took it off a deep elf archer on level 3 of the Elven Halls)

   A truly terrible weapon, it drains the life of those it strikes.
   It affects your intelligence (+2).
   It protects you from cold.
   It lets you see invisible.
 Z - the +10 demon whip "Jepoasm" {slash, Int+8}
   (Okawaru gifted it to you on level 1 of the Lair of Beasts)

   It inflicts extra damage upon your enemies.
   It affects your intelligence (+8).
Missiles
 y - 37 boomerangs (quivered)
Armour
 k - a +3 large shield of protection (worn)
 u - a +5 chain mail of magic resistance (worn)
 v - the +2 helmet of the Assorted Lovers (worn) {+Fly rElec rF+}
   (Okawaru gifted it to you in an ice cave)

   It protects you from fire.
   It insulates you from electricity.
   It lets you fly.
 F - a +2 pair of boots of running (worn)
 P - a +2 pair of gloves of archery (worn)
 X - a scarf of resistance (worn)
Jewellery
 c - an amulet of regeneration (around neck)
 f - an uncursed ring of resist corrosion
 r - a +3 ring of evasion (left hand)
 w - an uncursed ring of protection from magic
 z - a +3 ring of dexterity
 G - an uncursed ring of protection from magic
 Q - a +3 ring of evasion (right hand)
Wands
 e - a wand of acid (5)
 p - a wand of polymorph (6)
 H - a wand of digging (1)
 L - a wand of random effects (14)
 N - a wand of iceblast (14)
Scrolls
 h - 15 scrolls of teleportation
 A - 7 scrolls of amnesia
 C - a scroll of identify
 D - 5 scrolls of magic mapping
 E - 27 scrolls of remove curse
 I - a scroll of holy word
 J - 8 scrolls of fear
 K - 5 scrolls of blinking
 R - 3 scrolls of fog
Potions
 a - a potion of haste
 d - 3 potions of berserk rage
 j - a potion of might
 l - a potion of heal wounds
 m - 2 potions of brilliance
 n - 2 potions of mutation
 o - a potion of magic
 q - 16 potions of curing
 s - 5 potions of resistance
 V - a potion of invisibility
 W - 3 potions of cancellation
Books
 Y - a manual of Evocations
Miscellaneous
 b - 4 phantom mirrors
 x - a phial of floods
 B - a lightning rod (4/4)
 M - a lamp of fire
Comestibles
 g - 36 rations


   Skills:
 + Level 24.1 Fighting
   Level 4.5(10.7) Axes
 - Level 15.7(16.0) Maces & Flails
 - Level 20.8 Armour
 - Level 15.3 Dodging
 - Level 17.0 Stealth
 - Level 25.0 Shields
 + Level 11.0 Spellcasting
 - Level 10.0 Hexes
 - Level 10.0 Charms
 - Level 6.2 Summonings
 - Level 8.0 Necromancy
 + Level 6.6 Translocations
 - Level 8.4 Invocations
 - Level 10.6 Evocations


You had 27 spell levels left.
You knew the following spells:

 Your Spells              Type           Power        Failure   Level  Hunger
a - Spectral Weapon       Hex/Chrm       ######..     3%          3    None
d - Regeneration          Chrm/Necr      #####.....   4%          3    None
e - Apportation           Tloc           #####.       3%          1    None
f - Swiftness             Chrm/Air       ####....     10%         2    None
q - Summon Butterflies    Summ           #####...     4%          1    None
r - Tukima's Dance        Hex            ######..     3%          3    None
s - Shroud of Golubria    Chrm/Tloc      #####.       3%          2    None
t - Passage of Golubria   Tloc           N/A          28%         4    ###....
w - Blink                 Tloc           N/A          5%          2    None

Your spell library contained the following spells:

 Spells                   Type           Power        Failure   Level  Hunger
 Infusion                 Chrm           ####         1%          1    None
 Song of Slaying          Chrm           ######..     1%          2    None
 Corpse Rot               Necr           N/A          3%          2    None
 Summon Small Mammal      Summ           ####         4%          1    None
 Call Imp                 Summ           #####...     6%          2    None
 Gell's Gravitas          Tloc           #####.....   10%         3    None
 Lesser Beckoning         Tloc           #####.....   10%         3    None
 Teleport Other           Tloc           #####...     10%         3    None
 Inner Flame              Hex/Fire       ####....     17%         3    None
 Flame Tongue             Conj/Fire      ##...        38%         1    None
 Magic Dart               Conj           ##..         38%         1    None
 Shock                    Conj/Air       ##..         38%         1    None
 Sting                    Conj/Pois      ##..         38%         1    None
 Leda's Liquefaction      Hex/Erth       ####......   45%         4    ###....
 Passwall                 Tmut/Erth      ##......     50%         2    None
 Poisonous Vapours        Pois/Air       ##....       50%         2    None
 Throw Flame              Conj/Fire      ##....       50%         2    None
 Summon Forest            Summ/Tloc      #####.....   61%         5    #####..
 Summon Demon             Summ           #####.....   63%         5    #####..
 Darkness                 Hex            ######....   67%         6    ######.
 Invisibility             Hex            ######..     67%         6    ######.
 Conjure Flame            Conj/Fire      ##......     73%         3    None
 Ignite Poison            Fire/Tmut/Pois ##......     73%         3    None
 Mephitic Cloud           Conj/Pois/Air  ##......     73%         3    None
 Spider Form              Tmut/Pois      ##........   73%         3    None
 Static Discharge         Conj/Air       ##......     73%         3    None
 Stone Arrow              Conj/Erth      ##....       73%         3    None
 Iskenderun's Battlesphe  Conj/Chrm      ####....     78%         5    #####..
 Metabolic Englaciation   Hex/Ice        ####......   78%         5    #####..
 Yara's Violent Unravell  Hex/Tmut       ####......   78%         5    #####..
 Airstrike                Air            ##........   98%         4    ###....
 Ice Form                 Ice/Tmut       ##......     98%         4    ###....
 Olgreb's Toxic Radiance  Pois           ##......     98%         4    ###....
 Sticky Flame             Conj/Fire      ##......     98%         4    ###....
 Alistair's Intoxication  Tmut/Pois      ##......     100%        5    #####..
 Blade Hands              Tmut           ##........   100%        5    #####..
 Bolt of Magma            Conj/Fire/Erth ##........   100%        5    #####..
 Fireball                 Conj/Fire      ##........   100%        5    #####..
 Irradiate                Conj/Tmut      ##........   100%        5    #####..
 Lee's Rapid Deconstruct  Erth           ##........   100%        5    #####..
 Lightning Bolt           Conj/Air       ##........   100%        5    #####..
 Venom Bolt               Conj/Pois      ##........   100%        5    #####..
 Bolt of Cold             Conj/Ice       ##........   100%        6    ######.
 Freezing Cloud           Conj/Ice/Air   ##........   100%        6    ######.
 Hydra Form               Tmut           ##........   100%        6    ######.
 Iron Shot                Conj/Erth      ##........   100%        6    ######.
 Ozocubu's Refrigeration  Ice            ##........   100%        6    ######.
 Simulacrum               Ice/Necr       ####......   100%        6    ######.
 Dragon Form              Tmut           ##........   100%        7    #######
 Orb of Destruction       Conj           ##........   100%        7    #######
 Spellforged Servitor     Conj/Summ      ###.......   100%        7    #######
 Summon Hydra             Summ           #####.....   100%        7    #######
 Statue Form              Tmut/Erth      Unusable     N/A         6    N/A

Dungeon Overview and Level Annotations

Branches:
Dungeon (15/15)            Temple (1/1) D:7            Lair (6/6) D:11
  Swamp (4/4) Lair:2        Snake (4/4) Lair:3        Slime (0/5) Lair:6
    Orc (2/2) D:10            Elf (3/3) Orc:2        Vaults (5/5) D:14
  Crypt (0/3) Vaults:2     Depths (5/5) D:15            Zot (5/5) Depths:5

Altars:
Ashenzari
Cheibriados
Dithmenos
Elyvilon
Fedhas
Gozag
Hepliaklqana
Kikubaaqudgha
Makhleb
Nemelex Xobeh
Okawaru
Qazlal
Ru
Sif Muna
Trog
Uskayaw
Vehumet
Xom
Yredelemnul
Zin
The Shining One
Beogh

Shops:
D:11 (   D:13 (   Orc:2 ([%?[   Elf:1 (   Elf:2 (   Snake:1 :}:   Vaults:2 *
Vaults:3 [   Depths:4 [[[

Portals:
Hell: Depths:1 Depths:2 Depths:3 Depths:4 Depths:5
Abyss: Depths:1 Depths:2 Depths:4 Depths:5
Pandemonium: Depths:2 Depths:3 Depths:5
Ziggurat: Depths:3

Annotations:
Swamp:1 exclusion: Roxanne, Roxanne
Elf:1 exclusion: door
Elf:2 3 runed doors
Zot:4 1 runed translucent door, Stepladder's ghost, legendary GrFi


Innate Abilities, Weirdness & Mutations

You are resistant to torment.
Your stone body is resilient. (AC +20)
You are immune to poison.
Your large and strong wings let you fly indefinitely.
You resist negative energy. (rN+)
You are resistant to electric shocks. (rElec)
You can survive without breathing.
You are immune to petrification.
You are immune to rotting.
You are surrounded by a mild repulsion field. (EV +2)
You are partially covered in yellow scales. (AC +2)
You possess an exceptional clarity of mind.
Your body sometimes deteriorates upon taking damage.
You are weak. (Str -2)
Your spells are a little harder to cast, but a little more powerful.


Message History

You block the Executioner's attack. The Executioner completely misses you.
The Executioner misses you.
You block the Executioner's attack. x4; The Executioner misses you.
You block the Executioner's attack. You block the Executioner's attack. x3
You block the Executioner's attack. x2; The Executioner completely misses you.
The Executioner hits you but does no damage.
The Executioner hits you. You block the Executioner's attack.
The Executioner gestures at you. You resist with almost no effort.
You block the Executioner's attack. The Executioner barely misses you.
You block the Executioner's attack.
There is a staircase leading out of the dungeon here.
You block the Executioner's attack. x2
The Executioner hits you but does no damage.
You block the Executioner's attack.
The Executioner hits you but does no damage. x2
Your shroud bends the Executioner's attack away.
You block the Executioner's attack.
The Executioner hits you but does no damage.
You have escaped!

# # ## #####. ##############.....
#..............##.#
##########################......#
#................# #.####.#
#.........†....1@# #.# #..
#................# #.# ###
#.################ #.# # #.# #.#
#.# # #.# #.# #.###### #.######.#
#....... #........# #.######
####.################ #.######
#.................# #.##....


You could see an Executioner.

Vanquished Creatures
  3 orbs of fire
  7 ancient liches (Zot:5)
  Mara (Depths:2)
  2 juggernauts
  5 Killer Klowns
  Frederick (Vaults:3)
  Margery (Vaults:3)
  Bai Suzhen (Vaults:3)
  4 curse toes
  Saint Roka (Depths:1)
  Nikola (Vaults:1)
  8 golden dragons
  5 electric golems
  Jorgrun (Swamp:4)
  18 tentacled monstrosities
  Rupert (Lair:3)
  A Hell Sentinel (D:7)
  25 Orb Guardians (Zot:5)
  3 liches
  4 deep elf blademasters
  An acid blob (shapeshifter) (Depths:3)
  11 quicksilver dragons
  6 titans
  5 deep elf master archers
  8 sphinxes
  The ghost of skk the Bludgeoner, an adept TrMo of Okawaru (Elf:3)
  6 death cobs
  An ancient champion (Vaults:2)
  A storm dragon (shapeshifter) (Depths:3)
  15 storm dragons
  Frances (Swamp:2)
  3 thorn hunters
  Agnes (Vaults:2)
  11 shadow dragons
  4 tengu reavers
  The ghost of Voxish the Fencer, an adept DrWz of Uskayaw (Swamp:4)
  5 draconian monks
  Donald (Vaults:3)
  10 nagarajas
  An iron dragon (Depths:4)
  5 frost giants
  11 fire giants
  3 draconian knights
  An iron dragon (shapeshifter) (Depths:3)
  12 deep elf sorcerers
  Aizul (Depths:1)
  6 ghost moths
  12 vault wardens
  6 draconian shifters
  An orc warlord (Orc:2)
  5 draconian scorchers
  A cacodemon (Depths:2)
  A draconian stormcaller (Depths:5)
  3 deep elf elementalists
  26 stone giants
  A stone giant (shapeshifter) (Vaults:5)
  7 draconian annihilators
  26 very ugly things
  11 ironheart preservers
  2 spriggan defenders (Depths:4)
  2 war gargoyles (Vaults:5)
  13 green draconians
  Nessos (D:14)
  An entropy weaver (shapeshifter) (Vaults:5)
  11 deep elf demonologists
  11 red draconians
  19 black draconians
  A vampire knight (Vaults:1)
  A lorocyproca (D:13)
  10 spark wasps
  The ghost of OgreWrestling the Grappler, a journeyman OgTm of Ieoh Jian (D:14)
  Azrael (D:15)
  17 yellow draconians
  11 deep elf annihilators
  11 white draconians
  16 purple draconians
  2 deep elf death magi
  A merfolk javelineer (Depths:1)
  2 crystal guardians
  2 jiangshi (Depths:5)
  21 ettins
  Josephine (D:11)
  6 deep elf high priests
  13 great orbs of eyes
  12 fire dragons
  9 rakshasas
  32 vault guards
  18 naga warriors
  A hell beast (Depths:4)
  13 yaktaur captains
  23 anacondas
  18 hydras
  13 ice dragons
  7 spriggan air magi
  4 ghost crabs
  4 juggernaut simulacra (Depths:3)
  12 centaur warriors
  4 catoblepae (Lair:6)
  An anaconda (shapeshifter) (Vaults:5)
  17 ogre magi
  34 dancing weapons
  5 alligators
  3 death knights (Vaults:1)
  53 two-headed ogres
  13 death yaks
  20 deep troll shamans
  7 spriggan berserkers
  16 deep troll earth magi
  4 vampire magi
  20 deep elf knights
  Urug (Lair:5)
  8 tengu warriors
  15 shock serpents
  2 orc high priests
  23 naga sharpshooters
  A soul eater (Zot:3)
  4 spriggans
  2 salamander mystics (Snake:2)
  24 hell knights
  11 skeletal warriors
  11 iron trolls
  Nergalle (Lair:4)
  A spriggan druid (Swamp:3)
  2 shadow wraiths
  5 wizards
  A gelid demonspawn (Depths:1)
  8 glowing orange brains
  A death drake (Depths:1)
  2 sea snakes (Depths:1)
  44 deep trolls
  3 swamp dragons
  2 unseen horrors
  An unseen horror (shapeshifter) (D:15)
  2 flayed ghosts
  9 naga ritualists
  An obsidian statue (Zot:5)
  21 deep elf archers
  4 phantasmal warriors
  16 ironbrand convokers
  2 shambling mangroves
  3 harpies (Vaults:1)
  11 necromancers
  2 mana vipers (shapeshifter)
  13 mana vipers
  A wolf spider zombie (D:14)
  10 orc knights
  A harpy (shapeshifter) (Vaults:2)
  6 salamanders
  4 orc sorcerers
  4 cyclopes
  A tengu zombie (D:15)
  A faun (shapeshifter) (Vaults:3)
  73 deep elf magi
  2 frost giant zombies
  5 wolf spiders
  6 manticores
  28 moths of wrath
  5 oklob plants (Lair:6)
  65 ugly things
  A spriggan zombie (D:15)
  A frost giant skeleton (Vaults:2)
  13 vault sentinels
  An elephant (shapeshifter) (Vaults:1)
  A moth of wrath (shapeshifter) (Vaults:5)
  11 guardian serpents
  A guardian serpent (shapeshifter) (Depths:1)
  2 eyes of devastation (shapeshifter)
  40 black mambas
  An ice statue (IceCv)
  4 gargoyles
  9 naga magi
  3 centaur skeletons
  A rust devil (Depths:4)
  2 orange demons
  10 freezing wraiths
  19 spiny frogs
  2 efreet
  69 yaktaurs
  2 rime drakes
  An ice devil (D:4)
  A komodo dragon (Lair:5)
  A redback zombie (D:15)
  A hellwing (D:2)
  4 tengu conjurers
  A troll (shapeshifter) (Vaults:2)
  2 red devils
  A polar bear (shapeshifter) (Vaults:2)
  11 wind drakes (Depths:2)
  6 trolls
  12 hornets
  36 slime creatures
  A shadow dragon simulacrum (Depths:4)
  9 polar bears
  The ghost of Nico3ck the Slasher, an amateur FoFi (D:4)
  2 tyrant leeches (Swamp:4)
  A hornet (shapeshifter) (Depths:5)
  A tengu simulacrum (Vaults:3)
  5 blink frogs
  2 hippogriffs (shapeshifter)
  6 bog bodies
  10 hippogriffs
  A meliai zombie (D:15)
  A snapping turtle (shapeshifter) (Vaults:5)
  25 air elementals
  A dream sheep (shapeshifter) (Vaults:4)
  4 flying skulls (Depths:4)
  2 redbacks (Depths:1)
  7 shadows
  A vampire (D:10)
  84 yaks
  A tarantella (shapeshifter) (Depths:3)
  A spriggan (shapeshifter) (Vaults:4)
  5 wyverns
  11 wraiths
  A yak (shapeshifter) (Vaults:3)
  An ettin skeleton (D:15)
  10 water elementals
  5 fire elementals
  2 humans (shapeshifter)
  A fire bat (shapeshifter) (Vaults:2)
  A hog (shapeshifter) (Vaults:2)
  Grum (D:10)
  3 basilisks
  A yaktaur simulacrum (Vaults:1)
  15 humans
  3 hungry ghosts
  A neqoxec (Depths:2)
  45 nagas
  A swamp worm simulacrum (Swamp:4)
  4 wargs
  3 steam dragons
  21 vampire mosquitoes
  A soldier ant (D:12)
  A harpy simulacrum (Depths:3)
  20 swamp worms
  A water moccasin (shapeshifter) (Vaults:5)
  24 insubstantial wisps
  An acid dragon (Vaults:2)
  15 hydra simulacra
  13 water moccasins
  A floating eye (Depths:2)
  A floating eye (shapeshifter) (Elf:2)
  11 porcupines
  4 hell hounds (D:15)
  4 ice beasts
  A black bear (shapeshifter) (Vaults:3)
  8 swamp drakes
  5 black bears
  50 orc warriors
  2 sky beasts
  An ice beast (shapeshifter) (Vaults:5)
  3 phantoms
  An ettin simulacrum (Vaults:2)
  38 ogres
  29 centaurs
  36 wolves
  12 boggarts
  An eye of draining (shapeshifter) (Depths:2)
  12 crocodiles
  Blork the orc (D:5)
  3 big kobolds
  25 bullfrogs
  6 earth elementals
  A gnoll sergeant (D:6)
  A wyvern zombie (D:13)
  2 human simulacra (Vaults:2)
  A wyvern skeleton (D:15)
  A scorpion (D:4)
  An elf simulacrum (Vaults:2)
  6 killer bees
  18 wights
  A howler monkey (D:7)
  2 electric eels
  9 crimson imps
  4 bullfrog zombies
  4 centaur zombies
  A quasit (D:15)
  6 hounds
  6 jellies
  5 bullfrog skeletons
  A hound (shapeshifter) (Vaults:5)
  24 orc priests
  2 iron imps (Depths:2)
  7 iguanas
  32 orc wizards
  14 worker ants
  2 hound skeletons
  2 worker ant zombies (D:7)
  4 gnolls (D:6)
  15 adders
  A howler monkey skeleton (D:5)
  10 shadow imps
  A white imp (Depths:2)
  6 oozes
  7 swamp drake simulacra (Swamp:4)
  An adder zombie (D:5)
  3 worms
  3 ball lightnings (Depths:2)
  2 dart slugs (D:1)
  7 leopard geckos
  127 orcs
  A ball python (D:2)
  10 giant cockroaches
  8 goblins
  A hobgoblin (D:3)
  12 jackals
  21 kobolds
  5 quokkas
  2 bats (D:2)
  3 frilled lizards (D:3)
  A jackal skeleton (D:9)
  A jackal zombie (D:5)
  A leopard gecko skeleton (D:5)
  A leopard gecko zombie (D:8)
  2 quokka skeletons
  7 rats
  2 briar patches (Swamp:1)
  5 fungi
  2 withered plants (D:15)
2661 creatures vanquished.

Vanquished Creatures (collateral kills)
  Mennas (Vaults:3)
  A moth of wrath (Zot:1)
  A yaktaur (Vaults:3)
  A naga (Snake:4)
4 creatures vanquished.

Vanquished Creatures (others)
  An azure jelly (Swamp:4)
  2 fire giants
  A green draconian (Zot:1)
  2 slime creatures
  A blink frog (Swamp:2)
  A water elemental (Elf:3)
  A human (D:14)
  A vampire mosquito (Swamp:3)
  A boggart (D:15)
  An ogre (Depths:4)
  An orc wizard (D:15)
  13 ball lightnings (Depths:2)
  4 orcs
  32 fungi
  18 plants
  18 spectral weapons
  7 withered plants
105 creatures vanquished.

Grand Total: 2770 creatures vanquished

Notes
Turn   | Place    | Note
-------+----------+-------------------------------------------
     0 | D:1      | Stepladder the Gargoyle Fighter began the quest for the
                  | Orb.
     0 | D:1      | Reached XP level 1. HP: 14/14 MP: 1/1
   340 | D:1      | Reached XP level 2. HP: 9/19 MP: 2/2
   905 | D:2      | Found a snail-covered altar of Cheibriados.
  1007 | D:2      | Reached skill level 1 in Dodging
  1007 | D:2      | Reached skill level 1 in Stealth
  1007 | D:2      | Reached XP level 3. HP: 17/23 MP: 3/3
  1291 | D:2      | Reached XP level 4. HP: 25/29 MP: 4/4
  2033 | D:3      | Found a deep blue altar of Sif Muna.
  2242 | D:3      | Found a shattered altar of Ashenzari.
  2408 | D:4      | Reached XP level 5. HP: 24/33 MP: 5/5
  2582 | D:4      | Reached skill level 4 in Shields
  2628 | D:4      | Found a burning altar of Makhleb.
  2672 | D:4      | Reached XP level 6. HP: 38/39 MP: 6/6
  3092 | D:4      | Found an ancient bone altar of Kikubaaqudgha.
  3146 | D:4      | Noticed Nico3ck's ghost (amateur FoFi)
  3176 | D:4      | Killed Nico3ck's ghost
  3176 | D:4      | Reached XP level 7. HP: 24/44 MP: 7/7
  3544 | D:5      | Entered Level 5 of the Dungeon
  3643 | D:5      | Reached skill level 5 in Fighting
  3904 | D:5      | Noticed Blork the orc
  3944 | D:5      | Reached skill level 5 in Shields
  3966 | D:5      | Killed Blork the orc
  3966 | D:5      | Reached skill level 5 in Armour
  4328 | D:5      | Found a stormy altar of Qazlal.
  4359 | D:5      | Found a sacrificial altar of Ru.
  4518 | D:5      | Reached XP level 8. HP: 49/49 MP: 8/8
  5445 | D:6      | Found an opulent altar of Gozag.
  5634 | D:6      | Noticed a two-headed ogre
  5653 | D:6      | Killed a two-headed ogre
  5653 | D:6      | Reached skill level 5 in Stealth
  5653 | D:6      | Reached skill level 6 in Shields
  5653 | D:6      | Reached XP level 9. HP: 31/56 MP: 9/9
  6207 | D:7      | Found a staircase to the Ecumenical Temple.
  6719 | Temple   | Entered the Ecumenical Temple
  7008 | D:7      | Paralysed by fainting for 5 turns
  7048 | D:7      | Paralysed by fainting for 9 turns
  7225 | D:7      | Reached skill level 7 in Shields
  7419 | D:7      | Found an iron altar of Okawaru.
  7527 | D:7      | Became a worshipper of Warmaster Okawaru
  7568 | D:7      | Noticed a gargoyle
  7582 | D:7      | Killed a gargoyle
  7582 | D:7      | Reached skill level 5 in Dodging
  7582 | D:7      | Reached XP level 10. HP: 60/63 MP: 10/10
  7778 | D:8      | Reached skill level 1 in Maces & Flails
  8010 | D:8      | Reached * piety under Okawaru
  9036 | D:9      | Noticed a two-headed ogre
  9055 | D:9      | Killed a two-headed ogre
  9055 | D:9      | Reached ** piety under Okawaru
  9055 | D:9      | Reached skill level 8 in Shields
  9388 | D:9      | Reached skill level 1 in Invocations
  9643 | D:10     | Entered Level 10 of the Dungeon
  9667 | D:10     | Found a roughly hewn altar of Beogh.
  9667 | D:10     | Found a staircase to the Orcish Mines.
  9942 | D:10     | Reached *** piety under Okawaru
  9942 | D:10     | Reached XP level 11. HP: 54/68 MP: 12/12
  9985 | D:10     | Noticed Grum
 10029 | D:10     | Killed Grum
 10201 | D:10     | Noticed a two-headed ogre
 10241 | D:10     | Killed a two-headed ogre
 10643 | D:10     | Noticed an orc knight
 10728 | D:10     | Killed an orc knight
 11133 | D:11     | Reached **** piety under Okawaru
 11211 | D:11     | Found Colupaw's Weapon Boutique.
 11238 | D:11     | Reached skill level 5 in Maces & Flails
 11271 | D:11     | Noticed a manticore
 11296 | D:11     | Killed a manticore
 11428 | D:11     | Found a labyrinth entrance.
 11433 | D:11     | Noticed Josephine
 11456 | D:11     | Killed Josephine
 11456 | D:11     | Reached skill level 5 in Invocations
 11608 | D:11     | Reached ***** piety under Okawaru
 11809 | D:11     | Reached skill level 10 in Armour
 11834 | D:11     | Found a staircase to the Lair.
 11846 | D:11     | Paralysed by an orc priest for 4 turns
 11903 | Lair:1   | Entered Level 1 of the Lair of Beasts
 12004 | Lair:1   | Reached XP level 12. HP: 73/73 MP: 16/16
 12571 | Lair:1   | Received a gift from Okawaru
 12585 | Lair:1   | Got a dazzling demon whip {god gift}
 12586 | Lair:1   | Identified the +10 demon whip "Jepoasm" {slash, Int+8}
                  | (Okawaru gifted it to you on level 1 of the Lair of Beasts)
 13518 | Lair:2   | Found a frozen archway.
 13535 | IceCv    | Entered an ice cave
 13690 | IceCv    | Received a gift from Okawaru
 13691 | IceCv    | Got a transparent helmet {god gift}
 13727 | IceCv    | Identified the +2 helmet of the Assorted Lovers {+Fly rElec
                  | rF+} (Okawaru gifted it to you in an ice cave)
 13987 | IceCv    | Reached XP level 13. HP: 70/78 MP: 17/17
 14052 | IceCv    | Noticed a frost giant
 14081 | IceCv    | Killed a frost giant
 14096 | IceCv    | Reached skill level 9 in Shields
 15038 | Lair:2   | Found a staircase to the Swamp.
 15285 | Lair:3   | Noticed Rupert
 15300 | Lair:3   | Paralysed by Rupert for 3 turns
 15324 | Lair:3   | Killed Rupert
 15324 | Lair:3   | Received a gift from Okawaru
 15452 | Lair:3   | Found a staircase to the Snake Pit.
 16127 | Lair:1   | Upgraded the game from 0.20-a0-689-g860b9ab to
                  | 0.20-a0-700-gbd4582c
 16299 | Lair:4   | Noticed Nergalle
 16308 | Lair:4   | Killed Nergalle
 16343 | Lair:4   | Found an iron altar of Okawaru.
 17095 | Lair:5   | Received a gift from Okawaru
 17095 | Lair:5   | Reached skill level 10 in Shields
 17095 | Lair:5   | Gained mutation: Your large and strong wings let you fly
                  | indefinitely. [Gargoyle growth]
 17095 | Lair:5   | Reached XP level 14. HP: 86/86 MP: 18/18
 17343 | Lair:5   | Reached skill level 10 in Stealth
 17487 | Lair:5   | Got an encrusted ring mail
 17508 | Lair:5   | Noticed Urug
 17517 | Lair:5   | Killed Urug
 17524 | Lair:5   | Identified the +5 ring mail "Laqij" {*Drain Int+3 SInv}
                  | (You found it on level 5 of the Lair of Beasts)
 17937 | Lair:6   | Entered Level 6 of the Lair of Beasts
 18173 | Lair:6   | Got a sparkling zirconium amulet
 18209 | Lair:6   | Found a staircase to the Slime Pits.
 18304 | Lair:6   | Reached skill level 10 in Fighting
 18307 | Lair:6   | Reached skill level 10 in Maces & Flails
 18353 | Lair:6   | Identified the amulet "Soxt" {Fragile +Rage rF+ Str+6
                  | Dex+2} (You found it on level 6 of the Lair of Beasts)
 18623 | Lair:6   | Received a gift from Okawaru
 18703 | Lair:6   | Reached skill level 10 in Dodging
 18856 | Lair:6   | Got an ancient ivory ring
 19717 | Lair:1   | Gained mutation: You are resistant to hostile enchantments.
                  | (MR+) [potion of mutation]
 19717 | Lair:1   | Gained mutation: You possess an exceptional clarity of
                  | mind. [potion of mutation]
 19717 | Lair:1   | Gained mutation: You occasionally shout uncontrollably at
                  | your foes. [potion of mutation]
 19717 | Lair:1   | Gained mutation: You are surrounded by a mild repulsion
                  | field. (EV +2) [potion of mutation]
 19731 | Lair:1   | Identified the ring "Boutt" {rPois rN+ Str+4} (You found it
                  | on level 6 of the Lair of Beasts)
 19994 | D:11     | Reached XP level 15. HP: 81/93 MP: 16/19
 20046 | D:11     | Found a roughly hewn altar of Beogh.
 20342 | D:12     | Found a white marble altar of Elyvilon.
 21095 | D:13     | Found Jouwiuts's Weapon Boutique.
 21112 | D:13     | Reached ****** piety under Okawaru
 21251 | D:13     | Received a gift from Okawaru
 21561 | D:13     | Received a gift from Okawaru
 22151 | D:14     | Found a gate to the Vaults.
 22151 | D:14     | Noticed Nessos
 22342 | D:14     | Killed Nessos
 22595 | D:14     | Noticed OgreWrestling's ghost (journeyman OgTm)
 22614 | D:14     | Killed OgreWrestling's ghost
 23568 | D:15     | Entered Level 15 of the Dungeon
 23595 | D:15     | Reached XP level 16. HP: 101/101 MP: 22/22
 23600 | D:15     | Received a gift from Okawaru
 23884 | Swamp:1  | Entered Level 1 of the Swamp
 23912 | Swamp:1  | Noticed Roxanne
 23918 | Swamp:1  | Noticed a thorn hunter
 23935 | Swamp:1  | Killed a thorn hunter
 24738 | Swamp:2  | Noticed Frances
 24781 | Swamp:2  | Noticed a thorn hunter
 24803 | Swamp:2  | Killed a thorn hunter
 25478 | Swamp:2  | Killed Frances
 25509 | Swamp:3  | Noticed a thorn hunter
 25643 | Swamp:2  | Killed a thorn hunter
 26000 | Swamp:2  | Received a gift from Okawaru
 26305 | Swamp:3  | Reached skill level 1 in Evocations
 26463 | Swamp:4  | Entered Level 4 of the Swamp
 26709 | Swamp:4  | Noticed Voxish's ghost (adept DrWz)
 26716 | Swamp:4  | Noticed Jorgrun
 26741 | Swamp:4  | Killed Voxish's ghost
 26760 | Swamp:4  | Killed Jorgrun
 26821 | Swamp:4  | Killed an azure jelly
 26879 | Swamp:4  | Reached skill level 15 in Armour
 27238 | Swamp:3  | Reached XP level 17. HP: 100/108 MP: 23/23
 28316 | Swamp:4  | Got a decaying rune of Zot
 28849 | D:15     | Noticed Azrael
 28886 | D:15     | Killed Azrael
 29156 | D:15     | Found a staircase to the Depths.
 29859 | D:15     | Received a gift from Okawaru
 30176 | Lair:1   | Learned a level 1 spell: Infusion
 30275 | Orc:1    | Entered Level 1 of the Orcish Mines
 30484 | Orc:2    | Entered Level 2 of the Orcish Mines
 30548 | Orc:2    | Found a roughly hewn altar of Beogh.
 30653 | Orc:2    | Found Qoggufue's Magic Scroll Shop.
 30669 | Orc:2    | Bought a scroll of remove curse for 48 gold pieces
 30669 | Orc:2    | Bought a scroll of remove curse for 48 gold pieces
 30669 | Orc:2    | Bought a scroll of magic mapping for 56 gold pieces
 30669 | Orc:2    | Bought a scroll of magic mapping for 56 gold pieces
 30717 | Orc:2    | Paralysed by an orc sorcerer for 2 turns
 30732 | Orc:2    | Reached skill level 1 in Charms
 30864 | Orc:2    | Found a roughly hewn altar of Beogh.
 31044 | Orc:2    | Found a roughly hewn altar of Beogh.
 31130 | Orc:2    | Found Huexuiza's Food Emporium.
 31377 | Orc:2    | Found Tegust's Antique Armour Shop.
 31379 | Orc:2    | Found a roughly hewn altar of Beogh.
 31380 | Orc:2    | Found Hibb's Antique Weapon Boutique.
 31414 | Orc:2    | Bought a pair of runed boots for 225 gold pieces
 31487 | Orc:2    | Found Ezajaowk's Antique Armour Boutique.
 31629 | Orc:2    | Found a roughly hewn altar of Beogh.
 31702 | Orc:2    | Found a roughly hewn altar of Beogh.
 31733 | Orc:2    | Found a staircase to the Elven Halls.
 32063 | Orc:2    | Bought a scroll of enchant weapon for 120 gold pieces
 32063 | Orc:2    | Bought a scroll of magic mapping for 56 gold pieces
 32063 | Orc:2    | Bought a scroll of teleportation for 48 gold pieces
 32063 | Orc:2    | Bought a scroll of recharging for 152 gold pieces
 32789 | Lair:6   | Reached skill level 5 in Evocations
 32806 | Lair:6   | Identified Zabaa's Compendium of Evil Rites and
                  | Confrontation
 33036 | Snake:1  | Entered Level 1 of the Snake Pit
 33137 | Snake:1  | Found Paimamec's Gadget Boutique.
 33138 | Snake:1  | Found a flickering gateway to a bazaar.
 33144 | Snake:1  | Found Nusihoarph's Book Shoppe.
 33147 | Bazaar   | Entered a bazaar
 33151 | Bazaar   | Found Roqorr's Jewellery Boutique.
 33169 | Bazaar   | Found Gaxiesom's Antique Armour Emporium.
 33186 | Bazaar   | Found Kapsale's Book Boutique.
 33191 | Bazaar   | Bought a book of Party Tricks for 450 gold pieces
 33194 | Bazaar   | Learned a level 1 spell: Apportation
 33196 | Bazaar   | Learned a level 1 spell: Summon Butterflies
 33208 | Bazaar   | Found Puxzeul's Antique Weapon Shoppe.
 33213 | Bazaar   | Bought a glowing war axe for 84 gold pieces
 33247 | Bazaar   | Bought a glowing scale mail for 161 gold pieces
 33504 | Snake:1  | Reached XP level 18. HP: 114/114 MP: 24/24
 33513 | Snake:1  | Reached skill level 1 in Summonings
 33598 | Snake:1  | Found Rasylara's Book Shop.
 33639 | Snake:1  | Reached skill level 1 in Translocations
 34620 | Snake:2  | Received a gift from Okawaru
 34620 | Snake:2  | Reached skill level 5 in Charms
 36005 | Snake:3  | Received a gift from Okawaru
 36009 | Snake:3  | Got a shimmering mace {god gift}
 36010 | Snake:3  | Identified the +12 mace of Classification {crush, rN+ MR+
                  | Dex-3 SInv} (Okawaru gifted it to you on level 3 of the
                  | Snake Pit)
 36502 | Snake:4  | Entered Level 4 of the Snake Pit
 37022 | Snake:3  | Received a gift from Okawaru
 37095 | Snake:3  | Got a warped chain mail {god gift}
 37106 | Snake:3  | Identified the +3 chain mail of Gehenna {rElec rPois Dex-4}
                  | (Okawaru gifted it to you on level 3 of the Snake Pit)
 37201 | Snake:4  | Reached skill level 5 in Summonings
 37325 | Snake:4  | Reached skill level 5 in Translocations
 37455 | Snake:4  | Reached XP level 19. HP: 87/119 MP: 25/25
 38095 | Snake:4  | Reached skill level 15 in Stealth
 38236 | Snake:4  | Learned a level 2 spell: Swiftness
 38508 | Snake:4  | Got a serpentine rune of Zot
 38815 | Lair:1   | Upgraded the game from 0.20-a0-700-gbd4582c to
                  | 0.20-a0-709-gd40821f
 38961 | Elf:1    | Entered Level 1 of the Elven Halls
 39001 | Elf:1    | Received a gift from Okawaru
 39150 | Elf:1    | Found Iqoagy's Weapon Shop.
 39695 | Elf:1    | Noticed a Brimstone Fiend
 39847 | Elf:1    | Identified Sif Muna's Handbook of the Escort
 39935 | Elf:1    | Received a gift from Okawaru
 39940 | Elf:1    | Got a faintly glowing ring mail {god gift}
 39955 | Elf:1    | Identified the +6 ring mail "Qimysem" {Int+5 Stlth-}
                  | (Okawaru gifted it to you on level 1 of the Elven Halls)
 39983 | Elf:2    | Found a glowing silver altar of Zin.
 39988 | Elf:2    | Found a glowing golden altar of the Shining One.
 40050 | Elf:2    | Found a ruined gateway.
 40051 | Elf:2    | Found a white marble altar of Elyvilon.
 40359 | Elf:2    | Found Duamip's Weapon Emporium.
 40369 | Elf:2    | Reached XP level 20. HP: 48/125 MP: 26/26
 41165 | Elf:2    | Found a runed gate.
 41165 | Elf:2    | Found a runed gate.
 41166 | Elf:2    | Found a runed gate.
 41240 | Elf:3    | Entered Level 3 of the Elven Halls
 42700 | Elf:3    | Noticed a Brimstone Fiend
 42937 | Elf:3    | Received a gift from Okawaru
 43067 | Elf:3    | Noticed a Tzitzimitl
 43214 | Elf:3    | Gained mutation: Scrolls take you a little longer to read.
                  | [a neqoxec]
 43331 | Elf:3    | Reached skill level 15 in Fighting
 43443 | Elf:3    | Reached skill level 11 in Shields
 44440 | Elf:3    | Reached skill level 12 in Shields
 44440 | Elf:3    | Reached XP level 21. HP: 117/134 MP: 27/27
 44783 | Elf:3    | Identified a +1 pair of boots of running (You found it on
                  | level 3 of the Elven Halls)
 44849 | Elf:3    | Got a fine platinum amulet
 44854 | Elf:3    | Identified the amulet of the Present {Inacc *Drain rPois
                  | rF+ MR+} (You found it on level 3 of the Elven Halls)
 44909 | Elf:3    | Noticed skk's ghost (adept TrMo)
 45064 | Elf:3    | Killed skk's ghost
 45238 | Elf:3    | Found an ancient bone altar of Kikubaaqudgha.
 45340 | Elf:3    | Received a gift from Okawaru
 45482 | Elf:3    | Got an uncursed crude morningstar {drain}
 45484 | Elf:3    | Identified the +10 morningstar of Anxiety {drain, rC+ Int+2
                  | SInv} (You took it off a deep elf archer on level 3 of the
                  | Elven Halls)
 45680 | Elf:3    | Upgraded the game from 0.20-a0-709-gd40821f to
                  | 0.20-a0-731-gecde0bf
 46051 | Depths:1 | Entered Level 1 of the Depths
 46983 | Depths:1 | Reached skill level 13 in Shields
 47076 | Depths:1 | Received a gift from Okawaru
 47397 | Depths:1 | Found a one-way gate to the infinite horrors of the Abyss.
 47624 | Depths:1 | Found a gateway to Hell.
 47798 | Depths:2 | Noticed Mara
 47806 | Depths:2 | Noticed a juggernaut
 47815 | Depths:2 | Killed Mara
 47876 | Depths:2 | Received a gift from Okawaru
 47881 | Depths:2 | Got a fine ring mail {god gift}
 48110 | Depths:1 | Killed a juggernaut
 48110 | Depths:1 | Reached XP level 22. HP: 80/140 MP: 25/28
 48527 | Depths:2 | Learned a level 2 spell: Blink
 48682 | Depths:2 | Reached skill level 1 in Spellcasting
 48917 | Depths:2 | Paralysed by a floating eye for 3 turns
 49003 | Depths:2 | Found a one-way gate leading to the halls of Pandemonium.
 49158 | Depths:2 | Noticed Aizul
 49299 | Depths:1 | Killed Aizul
 49299 | Depths:1 | Reached skill level 14 in Shields
 49313 | Depths:2 | Gained mutation: You expend magic power (3 MP) to
                  | strengthen your wands. [a cacodemon]
 49324 | Depths:1 | Received a gift from Okawaru
 49371 | Depths:2 | Gained mutation: You are dopey. (Int -2) [a neqoxec]
 49386 | Depths:2 | Gained mutation: You are clumsy. (Dex -2) [a neqoxec]
 49614 | Depths:1 | Learned a level 2 spell: Shroud of Golubria
 49732 | Depths:2 | Noticed Saint Roka
 49849 | Depths:1 | Killed Saint Roka
 50326 | Depths:2 | Received a gift from Okawaru
 50336 | Depths:2 | Got a scorched morningstar {god gift}
 50355 | Depths:2 | Identified the +7 morningstar of Dirut {speed, *Slow MR+
                  | Dex+5} (Okawaru gifted it to you on level 2 of the Depths)
 51730 | Depths:3 | Gained mutation: Your spells are a little harder to cast,
                  | but a little more powerful. [a shining eye]
 51732 | Depths:3 | Gained mutation: Your body sometimes deteriorates upon
                  | taking damage. [a shining eye]
 51839 | Depths:3 | Reached skill level 5 in Spellcasting
 51839 | Depths:3 | Reached XP level 23. HP: 129/144 MP: 10/30
 52004 | Depths:3 | Identified the +0 ring mail "Melut" {SInv} (Okawaru gifted
                  | it to you on level 2 of the Depths)
 52291 | Depths:3 | Received a gift from Okawaru
 52440 | Depths:3 | Reached skill level 15 in Shields
 52759 | Depths:3 | Found a gateway to a ziggurat.
 53088 | Depths:3 | Noticed a golden dragon
 53127 | Depths:3 | Killed a golden dragon
 53541 | Depths:3 | Upgraded the game from 0.20-a0-731-gecde0bf to
                  | 0.20-a0-739-g6bb112f
 53576 | Depths:4 | Reached skill level 15 in Dodging
 54144 | Depths:4 | Received a gift from Okawaru
 54184 | Depths:4 | Noticed a golden dragon
 54223 | Depths:4 | Killed a golden dragon
 54284 | Depths:4 | Got an encrusted scarf {god gift}
 54371 | Depths:4 | Identified the scarf of Levity {rC++ Dex+7 Stlth-} (Okawaru
                  | gifted it to you on level 4 of the Depths)
 54815 | Depths:4 | Found Gozag's Antique Armour Shoppe.
 54840 | Depths:4 | Found an opulent altar of Gozag.
 54842 | Depths:4 | Found Gozag's Antique Armour Shoppe.
 54857 | Depths:4 | Found Gozag's Antique Armour Emporium.
 56435 | Depths:4 | Reached XP level 24. HP: 134/154 MP: 27/32
 56465 | Depths:5 | Entered Level 5 of the Depths
 56860 | Depths:5 | Noticed a juggernaut
 56895 | Depths:5 | Killed a juggernaut
 57688 | Depths:5 | Received a gift from Okawaru
 58896 | Depths:5 | Found a gate to the Realm of Zot.
 59209 | Depths:5 | HP: 1/159 [deep troll earth mage/Lee's Rapid Deconstruction
                  | (9)]
 59634 | Lair:1   | Learned a level 3 spell: Spectral Weapon
 59638 | Lair:1   | Learned a level 3 spell: Regeneration
 59731 | Vaults:1 | Entered Level 1 of the Vaults
 61054 | Vaults:1 | Noticed Nikola
 61085 | Vaults:1 | Killed Nikola
 61085 | Vaults:1 | Received a gift from Okawaru
 61221 | Vaults:1 | Reached XP level 25. HP: 166/166 MP: 31/32
 61315 | Vaults:1 | Paralysed by a floating eye for 3 turns
 61545 | Vaults:1 | Reached skill level 1 in Hexes
 61772 | Vaults:1 | Reached skill level 1 in Necromancy
 62064 | Vaults:2 | Found a staircase to the Crypt.
 62350 | Vaults:2 | You fall into a shaft and drop 2 floors!
 63050 | Vaults:4 | Received a gift from Okawaru
 63429 | Vaults:4 | Reached skill level 15 in Maces & Flails
 63767 | Vaults:3 | Identified a scroll of acquirement
 63889 | Vaults:3 | Noticed Frederick
 64045 | Vaults:3 | Reached skill level 5 in Hexes
 64200 | Vaults:3 | Reached skill level 5 in Necromancy
 64246 | Vaults:3 | Noticed Bai Suzhen
 64277 | Vaults:3 | Killed Bai Suzhen
 64530 | Vaults:3 | Killed Frederick
 64691 | Vaults:3 | Noticed Margery
 64722 | Vaults:3 | Killed Margery
 64722 | Vaults:3 | Received a gift from Okawaru
 64722 | Vaults:3 | Reached XP level 26. HP: 165/174 MP: 26/32
 64781 | Vaults:3 | Found Vidokk's Antique Armour Boutique.
 64803 | Vaults:3 | Bought a pair of dazzling boots for 446 gold pieces
 64909 | Vaults:3 | Noticed Donald
 64909 | Vaults:3 | Noticed Mennas
 64930 | Vaults:3 | Killed Donald
 64960 | Vaults:3 | Killed Mennas
 65309 | Vaults:3 | Found the +1 cloak of Starlight {rElec rC+ EV+4 Stlth--}
 65758 | Vaults:2 | Reached skill level 16 in Shields
 65876 | Vaults:2 | Noticed Agnes
 65985 | Vaults:2 | Killed Agnes
 66432 | Vaults:2 | Reached skill level 17 in Shields
 66955 | Vaults:2 | Found Toocy's General Store.
 66959 | Vaults:2 | Bought a potion of curing for 42 gold pieces
 66959 | Vaults:2 | Bought a scroll of identify for 28 gold pieces
 66959 | Vaults:2 | Bought a potion of might for 56 gold pieces
 66959 | Vaults:2 | Bought a scroll of teleportation for 42 gold pieces
 67205 | Vaults:5 | Entered Level 5 of the Vaults
 67379 | Vaults:5 | Reached skill level 18 in Shields
 67665 | Vaults:5 | Got a silver rune of Zot
 67795 | Vaults:5 | Received a gift from Okawaru
 67815 | Vaults:5 | Identified the ring of Izos {rPois rF+}
 67895 | Vaults:5 | Identified the Papyrus of Changing
 67981 | Vaults:5 | Reached skill level 19 in Shields
 68610 | Vaults:5 | Received a gift from Okawaru
 68625 | Vaults:5 | Reached XP level 27. HP: 179/179 MP: 32/32
 68809 | Vaults:5 | Identified the ring "Uczeetapt" {Fire +Inv MR+}
 69166 | Vaults:5 | Reached skill level 10 in Evocations
 69393 | Vaults:5 | Reached skill level 20 in Shields
 69420 | Vaults:5 | Received a gift from Okawaru
 69815 | Vaults:5 | Identified Sif Muna's Tome of Enthralling Blows and Bruises
 69899 | Vaults:5 | Got an ancient ivory ring
 69909 | Vaults:5 | Reached skill level 21 in Shields
 70297 | Lair:1   | Lost mutation: You are resistant to hostile enchantments.
                  | (MR+) [potion of mutation]
 70297 | Lair:1   | Lost mutation: You are clumsy. (Dex -2) [potion of
                  | mutation]
 70297 | Lair:1   | Lost mutation: Your body sometimes deteriorates upon taking
                  | damage. [potion of mutation]
 70297 | Lair:1   | Lost mutation: You possess an exceptional clarity of mind.
                  | [potion of mutation]
 70297 | Lair:1   | Gained mutation: You have a pair of small horns on your
                  | head. [potion of mutation]
 70302 | Lair:1   | Lost mutation: Scrolls take you a little longer to read.
                  | [potion of mutation]
 70302 | Lair:1   | Lost mutation: You expend magic power (3 MP) to strengthen
                  | your wands. [potion of mutation]
 70302 | Lair:1   | Lost mutation: You are dopey. (Int -2) [potion of mutation]
 70302 | Lair:1   | Lost mutation: You have a pair of small horns on your head.
                  | [potion of mutation]
 70302 | Lair:1   | Gained mutation: You tend to lose your temper in combat.
                  | [potion of mutation]
 70302 | Lair:1   | Gained mutation: You are partially covered in yellow
                  | scales. (AC +2) [potion of mutation]
 70302 | Lair:1   | Gained mutation: Your muscles are strong. (Str +2) [potion
                  | of mutation]
 70754 | Depths:1 | Identified the Compendium of Intoxication
 70836 | Depths:1 | Reached skill level 22 in Shields
 71133 | Zot:1    | Entered Level 1 of the Realm of Zot
 71692 | Zot:1    | Received a gift from Okawaru
 72374 | Zot:1    | Identified the ring of Pureschum {Fire *Slow rPois Str+4}
                  | (You found it on level 5 of the Vaults)
 74099 | Zot:2    | Identified a +0 pair of boots of running (You found it on
                  | level 2 of the Realm of Zot)
 74313 | Zot:2    | Received a gift from Okawaru
 74313 | Zot:2    | Reached skill level 10 in Charms
 74507 | Zot:2    | Reached skill level 10 in Hexes
 74771 | Zot:2    | Reached skill level 23 in Shields
 75551 | Zot:2    | Received a gift from Okawaru
 76756 | Zot:3    | Received a gift from Okawaru
 77474 | Zot:4    | Found a runed translucent door.
 77474 | Zot:4    | Noticed Stepladder's ghost (legendary GrFi)
 77734 | Zot:4    | Learned a level 3 spell: Tukima's Dance
 78224 | Zot:5    | Entered Level 5 of the Realm of Zot
 78235 | Zot:5    | Reached skill level 24 in Shields
 78935 | Zot:5    | Noticed an orb of fire
 79162 | Zot:5    | Killed an orb of fire
 79389 | Zot:5    | Learned a level 4 spell: Passage of Golubria
 79421 | Zot:5    | Noticed an ancient lich
 79461 | Zot:5    | Killed an ancient lich
 79461 | Zot:5    | Received a gift from Okawaru
 79533 | Zot:5    | Noticed an orb of fire
 79533 | Zot:5    | Noticed an ancient lich
 79554 | Zot:4    | Gained mutation: Armour fits poorly on your strangely
                  | shaped body. [an orb of fire]
 79559 | Zot:4    | Gained mutation: You sometimes yell uncontrollably at your
                  | foes. [an orb of fire]
 79563 | Zot:4    | Killed an orb of fire
 79618 | Zot:4    | Lost mutation: Your muscles are strong. (Str +2) [potion of
                  | mutation]
 79618 | Zot:4    | Lost mutation: Your spells are a little harder to cast, but
                  | a little more powerful. [potion of mutation]
 79618 | Zot:4    | Lost mutation: You tend to lose your temper in combat.
                  | [potion of mutation]
 79618 | Zot:4    | Lost mutation: Armour fits poorly on your strangely shaped
                  | body. [potion of mutation]
 79618 | Zot:4    | Gained mutation: You are robust. (+10% HP) [potion of
                  | mutation]
 79618 | Zot:4    | Gained mutation: You are very robust. (+20% HP) [potion of
                  | mutation]
 79643 | Zot:5    | Killed an ancient lich
 79660 | Zot:5    | Noticed an ancient lich
 79685 | Zot:5    | Killed an ancient lich
 79692 | Zot:5    | Noticed an orb of fire
 79692 | Zot:5    | Noticed an ancient lich
 79696 | Zot:5    | Noticed an ancient lich
 79720 | Zot:5    | Gained mutation: You are weak. (Str -2) [an orb of fire]
 79729 | Zot:5    | Gained mutation: Scrolls take you a little longer to read.
                  | [an orb of fire]
 79740 | Zot:5    | Gained mutation: Scrolls take you longer to read. [an orb
                  | of fire]
 79744 | Zot:5    | Gained mutation: Scrolls take you much longer to read. [an
                  | orb of fire]
 79750 | Zot:5    | Killed an orb of fire
 79750 | Zot:5    | Received a gift from Okawaru
 79751 | Zot:5    | Found the +27 Lear's hauberk
 79789 | Zot:5    | Paralysed by an ancient lich for 6 turns
 79803 | Zot:5    | Killed an ancient lich
 79811 | Zot:5    | Killed an ancient lich
 79969 | Zot:4    | Lost mutation: Scrolls take you much longer to read.
                  | [potion of mutation]
 79969 | Zot:4    | Lost mutation: You sometimes yell uncontrollably at your
                  | foes. [potion of mutation]
 79969 | Zot:4    | Gained mutation: Your body sometimes deteriorates upon
                  | taking damage. [potion of mutation]
 79969 | Zot:4    | Gained mutation: You possess an exceptional clarity of
                  | mind. [potion of mutation]
 80182 | Zot:5    | Noticed an ancient lich
 80229 | Zot:5    | Killed an ancient lich
 80499 | Zot:5    | Reached skill level 10 in Spellcasting
 80688 | Zot:5    | Reached skill level 25 in Shields
 80844 | Zot:5    | Noticed an ancient lich
 80871 | Zot:5    | Killed an ancient lich
 80871 | Zot:5    | Received a gift from Okawaru
 81184 | Zot:5    | Lost mutation: Scrolls take you longer to read. [potion of
                  | mutation]
 81184 | Zot:5    | Lost mutation: Scrolls take you a little longer to read.
                  | [potion of mutation]
 81184 | Zot:5    | Lost mutation: You occasionally shout uncontrollably at
                  | your foes. [potion of mutation]
 81184 | Zot:5    | Lost mutation: You are very robust. (+20% HP) [potion of
                  | mutation]
 81184 | Zot:5    | Lost mutation: You are robust. (+10% HP) [potion of
                  | mutation]
 81184 | Zot:5    | Gained mutation: Your spells are a little harder to cast,
                  | but a little more powerful. [potion of mutation]
 81192 | Zot:5    | Got the Orb of Zot
 81660 | D:6      | Noticed a seraph
 81845 | D:$      | Escaped with the Orb!

Levels and vault maps discovered:
D:1:      wheals_arrival_shading
D:2:      old_standard_altar, first_bread
D:3:      nicolae_overflow_crystal_walls, lemuel_round_altar
D:4:      minmay_thick_lines, bloody_makhleb, kennysheep_mini
D:5:      grunt_qazlal_sundering, basic_altar, hangedman_decor_clover_reticule,
          uniq_blork_the_orc
D:6:      kennysheep_little_box, st_stairs_8, kennysheep_cross_room
D:7:      okawaru_metal_pillars_1_2, temple_fountains, st_stairs_14
D:10:     david_orc_5, hangedman_little_slice_of_home, uniq_grum
D:11:     due_lair_maze_entry_diamond, special_room, lab_entry_generic,
          serial_shops, nicolae_shop_stone, lightli_corner_chamber,
          uniq_josephine
D:12:     basic_altar
D:13:     serial_shops, shop
D:14:     david_vaults_3, amethyst_killhole
D:15:     gammafunk_depths_entry_grave, minmay_misc_feat_iff, uniq_azrael
Temple:   nicolae_temple_figure_eight
Lair:1:   serial_bayou_shore_a
Lair:2:   nicolae_swamp_entry_splash_gauntlet, portal_ice_cave_entry_pillars_2,
          serial_bayou_pond_d, grunt_megastairs_5
Lair:3:   guppyfry_snake_entry_garden, uniq_rupert
Lair:4:   wad_woods_stonehenge, enter_volcano_2, serial_bayou_shore_b,
          uniq_nergalle
Lair:5:   minivault_23, infiniplex_staircase_pool_2, grunt_megastairs_3,
          serial_bayou_shore_b, serial_bayou_shore_b, uniq_urug
Lair:6:   evilmike_catoblepas_cave, dpeg_slime_entry_corner,
          serial_bayou_shore_b, minmay_lair_oklob_chamber
Swamp:1:  serial_swamp_ruin, evilmike_swamp_ruin_house_4,
          evilmike_swamp_ruin_house_3, uniq_roxanne
Swamp:2:  hangedman_swamp_ruin_hall, swamp_pool1, uniq_frances
Swamp:3:  nicolae_swamp_fairy_circle, hangedman_swamp_diagram
Swamp:4:  swamp_icy, uniq_jorgrun
Snake:1:  serial_shops, bzr_entry_dummy, nicolae_shop_statue_plus, shop, shop,
          lemuel_fruit_tree
Snake:3:  grunt_megastairs_2
Snake:4:  grunt_snake_rune_serpentine_throne
Orc:2:    grunt_orc_community_town_hall, grunt_orc_community_big_house_1,
          grunt_orc_community_big_house_1, grunt_orc_community_house_3,
          grunt_orc_community_house_3, grunt_orc_community_house_2,
          grunt_orc_community_house_2, serial_shops, shop
Elf:1:    elf_arrival_002, serial_shops, shop, minmay_elf_demonology,
          hangedman_research_thanatology
Elf:2:    portal_desolation_entry_holy_temple, serial_shops, shop
Elf:3:    minmay_elf_hall_furrowed, basic_altar, nooodl_food_tri
Vaults:1: nicolae_vaults_arrows, hangedman_vaults_river_flow, v_misc_12,
          hangedman_vaults_capsules, v_misc_16, v_alt_pattern_1,
          hangedman_vaults_slice, vaults_dpeg_encased_lava,
          ontoclasm_vaults_chip, nicolae_vaults_theta,
          ontoclasm_vaults_shuriken, layout_vaults_omnicross, uniq_nikola
Vaults:2: vaults_room_door_ring, v_misc_18, nicolae_vaults_disjoint_gnomons,
          vaults_room_door_ring, sword_in_stone, grunt_vaults_diagonal,
          nicolae_vaults_ring_of_whatevers, v_alt_pattern_2,
          vaults_mumra_chevron_long, ontoclasm_vaults_hangar,
          nicolae_vaults_mini_display_case, nicolae_vaults_twisting_passages,
          v_misc_26, minmay_crypt_entry_simple_statues, layout_vaults_omnibox,
          serial_shops, shop
Vaults:3: v_pattern_2, v_misc_23, vaults_dpeg_doors,
          nicolae_vaults_specimen_jars, ontoclasm_vaults_claustrophobia,
          nicolae_vaults_little_squares_2, vaults_room_ringed_pool,
          vaults_dpeg_cross, serial_ice_g, ontoclasm_vaults_eye,
          layout_vaults_chaotic_city, serial_shops, nicolae_shop_statue_plus,
          uniq_mennas, uniq_bai_suzhen, uniq_donald, uniq_frederick,
          uniq_margery
Vaults:4: v_misc_10, hangedman_vaults_locks, vaults_room_fours, v_misc_17,
          vaults_room_boxed, vaults_room_door_ring, v_misc_9,
          nicolae_vaults_circle_grid_a, v_misc_8, layout_vaults_maze_bifur
Vaults:5: serial_shops
Depths:1: abyss_entry, pf_hell_entry_great_geh, minmay_misc_feat_x,
          serial_bayou_pond_d, hangedman_abyss_or_decor_passed,
          hangedman_research_toxicology
Depths:2: evilmike_marble_ring, nicolae_twisting_strands,
          grunt_pan_entry_spiral, abyss_entry, pf_coc_iceberg, aerie_lemuel,
          minmay_staircase_statues, uniq_saint_roka, uniq_mara, uniq_aizul
Depths:3: hangedman_crystal_crosses_colossus, pan_entry, hell_entry,
          serial_shops
Depths:4: kennysheep_gozag_temple, infiniplex_staircase_star, abyss_entry,
          grunt_mini_vestibule
Depths:5: grunt_zot_entry_gee_three, hell_entry, pan_entry, abyss_entry
Zot:1:    grunt_twist_and_shout, layout_onion_interference,
          hangedman_zot_decor_unnerving_road
Zot:2:    layout_onion_interference
Zot:3:    kennysheep_ambush_hall, layout_gridlike, st_stairs_4
Zot:4:    layout_gridlike, gammafunk_ghost_grave
Zot:5:    layout_basic, st_stairs_4

Skill      XL: |  1  2  3  4  5  6  7  8  9 10 11 12 13 14 15 16 17 18 19 20 21 22 23 24 25 26 27 |
---------------+----------------------------------------------------------------------------------+-----
Axes           | 2 4 |  4.5
Dodging        | 1 2 3 4 5 6 7 8 9 10 11 12 13 14 15 | 15.3
Stealth        | 1 2 3 4 5 7 8 9 11 12 14 15 17 | 17.0
Fighting       | 4 5 6 7 8 9 10 11 12 13 15 16 19 20 24 | 24.1
Shields        | 4 5 6 7 8 10 12 13 14 15 19 25 | 25.0
Armour         | 4 5 6 7 8 10 11 12 13 14 15 16 17 18 19 20 | 20.8
Maces & Flails | 3 6 8 9 10 11 12 13 14 15 | 15.7
Invocations    | 2 5 6 8 |  8.4
Evocations     | 2 5 6 8 10 | 10.6
Charms         | 3 5 6 7 8 10 | 10.0
Summonings     | 5 6 |  6.2
Translocations | 5 6 |  6.6
Spellcasting   | 5 6 11 | 11.0
Hexes          | 6 8 10 | 10.0
Necromancy     | 5 8 |  8.0

Action                   |  1- 3 |  4- 6 |  7- 9 | 10-12 | 13-15 | 16-18 | 19-21 | 22-24 | 25-27 || total
-------------------------+-------+-------+-------+-------+-------+-------+-------+-------+-------++-------
Melee: War axe           |    78 |   171 |   547 |       |       |    10 |       |       |       ||   806
       Morningstar       |       |       |       |   866 |    95 |   344 |   580 |  1143 |  4439 ||  7467
       Flail             |       |       |       |   115 |       |       |       |       |       ||   115
       Demon whip        |       |       |       |   317 |  1275 |  1596 |   108 |   102 |       ||  3398
       Mace              |       |       |       |       |     7 |   298 |  1412 |  1743 |       ||  3460
       Broad axe         |       |       |       |       |    11 |    48 |       |       |       ||    59
Throw: Stone             |       |       |     6 |       |       |       |       |       |       ||     6
       Boomerang         |       |       |     6 |    19 |     6 |    20 |    16 |    23 |    68 ||   158
 Cast: Infusion          |       |       |       |       |       |     4 |     9 |    78 |       ||    91
       Summon Butterflie |       |       |       |       |       |       |    35 |    13 |     4 ||    52
       Apportation       |       |       |       |       |       |       |     2 |       |       ||     2
       Shroud of Golubri |       |       |       |       |       |       |       |    68 |    76 ||   144
       Blink             |       |       |       |       |       |       |       |     1 |       ||     1
       Spectral Weapon   |       |       |       |       |       |       |       |     1 |    50 ||    51
       Regeneration      |       |       |       |       |       |       |       |       |    68 ||    68
       Swiftness         |       |       |       |       |       |       |       |       |    28 ||    28
Invok: Heroism           |       |       |       |    13 |    25 |    48 |    41 |    23 |    24 ||   174
       Finesse           |       |       |       |       |     7 |    11 |    10 |     6 |    12 ||    46
 Abil: Hurl Damnation    |       |       |       |       |       |     1 |       |     4 |       ||     5
       Evoke Invisibilit |       |       |       |       |       |     5 |       |       |       ||     5
       No ability        |       |       |       |       |       |     1 |       |     5 |       ||     6
       Evoke Flight      |       |       |       |       |       |       |       |     1 |       ||     1
Evoke: Wand              |       |       |       |       |       |     1 |     2 |     1 |    17 ||    21
       Phial of floods   |       |       |       |       |       |     1 |       |     1 |     5 ||     7
       Lightning rod     |       |       |       |       |       |       |       |       |     4 ||     4
       Lamp of fire      |       |       |       |       |       |       |       |       |     3 ||     3
  Use: Scroll            |       |     3 |    13 |     9 |    13 |    10 |    12 |     6 |    28 ||    94
       Potion            |       |     1 |     5 |     2 |     5 |     8 |     3 |     2 |    20 ||    46
 Stab: Sleeping          |       |       |       |     5 |    14 |     6 |     3 |     5 |    12 ||    45
       Distracted        |       |       |       |     1 |       |     3 |     2 |     5 |    11 ||    22
       Petrified         |       |       |       |       |     7 |       |       |       |       ||     7
       Petrifying        |       |       |       |       |     1 |       |       |       |       ||     1
       Confused          |       |       |       |       |       |     1 |       |       |       ||     1
       Invisible         |       |       |       |       |       |    12 |       |       |       ||    12
  Eat: Chunk             |     1 |     6 |     6 |    24 |    25 |    15 |    14 |    17 |    54 ||   162
       Buggy ration      |       |       |     4 |       |       |     2 |     5 |     3 |       ||    14
       Ration            |       |       |     3 |       |     1 |     1 |       |     3 |     7 ||    15
       Buggy jelly       |       |       |     1 |       |     2 |     5 |     1 |       |       ||     9
       Buggy fruit       |       |       |       |       |     2 |     6 |     3 |     4 |       ||    15
Armor: Scale mail        |    42 |   111 |   257 |   480 |   116 |       |       |       |       ||  1006
       Plate armour      |       |     9 |    23 |       |       |       |       |       |       ||    32
       Chain mail        |       |       |       |       |   201 |   735 |   747 |   907 |  1041 ||  3631
       Ice dragon scales |       |       |       |       |       |     7 |       |       |       ||     7
Dodge: Dodged            |    22 |    71 |   284 |   847 |   633 |  1283 |  1056 |  1500 |  1822 ||  7518
Block: Shield            |    42 |   120 |   372 |  1056 |   874 |  1604 |  1538 |  2011 |   766 ||  8383
       Large shield      |       |       |       |       |       |       |       |       |  3150 ||  3150

Table legend:
 A = Non-vault XP
 B = Vault XP
 C = Vault XP percentage of total XP
 D = Non-vault monster count
 E = Vault monster count
 F = Vault count percentage of total count
                 A         B        C        D         E       F
            +---------+---------+-------+---------+---------+-------
      Total |  465300 |  447999 |  49.1 |     441 |     312 |  41.4
            +---------+---------+-------+---------+---------+-------
       D:14 |    1178 |    5044 |  81.1 |       5 |       7 |  58.3
   Vaults:1 |   21873 |   40961 |  65.2 |      42 |      53 |  55.8
   Vaults:2 |   31878 |   18998 |  37.3 |      66 |      27 |  29.0
   Vaults:3 |   30874 |   34321 |  52.6 |      57 |      28 |  32.9
   Vaults:4 |   46208 |   16609 |  26.4 |      58 |      19 |  24.7
   Vaults:5 |   36737 |  110671 |  75.1 |      41 |      91 |  68.9
   Depths:1 |       0 |    6314 | 100.0 |       0 |      13 | 100.0
   Depths:5 |   22956 |    1741 |   7.0 |      16 |       2 |  11.1
      Zot:1 |   63713 |   20473 |  24.3 |      49 |      18 |  26.9
      Zot:2 |   75261 |       0 |   0.0 |      38 |       0 |   0.0
      Zot:3 |   65095 |   14471 |  18.2 |      31 |      10 |  24.4
      Zot:4 |   25893 |    9002 |  25.8 |      14 |       1 |   6.7
      Zot:5 |   43634 |  169394 |  79.5 |      24 |      43 |  64.2
            +---------+---------+-------+---------+---------+-------
